 Dungeon Crawl Stone Soup version 0.30.0-29-ga12c61a403 (webtiles) character file.

Game seed: 1384262719530240696

3278 Nicoed the Carver (level 10, -1/71 HPs)
             Began as a Formicid Monk on June 23, 2023.
             Was an Initiate of Yredelemnul.
             Slain by a centaur warrior (6 damage)
             ... on level 9 of the Dungeon.
             The game lasted 00:10:20 (8341 turns).

Nicoed the Carver (Formicid Monk)                   Turns: 8341, Time: 00:10:21

Health: -1/71      AC: 13    Str: 12    XL:     10   Next: 20%
Magic:  10/10      EV: 13    Int:  3    God:    Yredelemnul [......]
Gold:   586        SH:  0    Dex: 20    Spells: 9/9 levels left

rFire   + . .        E - +5 falchion
rCold   + . .        d - orb {light}
rNeg    + + .        a - +3 leather armour {rC+}
rPois   .            (helmet unavailable)
rElec   .            v - +0 cloak
rCorr   .            (no gloves)
SInv    +            p - +1 pair of boots "Menompel" {rN++ Will+ Str-4 Int-5}
Will    +++..        (no amulet)
Stlth   +            n - +4 ring of protection
HPRegen 0.31/turn    o - ring of protection from fire
MPRegen 0.12/turn

%: clarity
@: glowing, studying Ranged Weapons
A: permanent stasis, dig shafts and tunnels, antennae 3, four strong arms,
clarity, dopey 1, strong-willed 1
a: Dig, Shaft Self, Renounce Religion, Recall Undead Harvest


You were on level 9 of the Dungeon.
You worshipped Yredelemnul.
Yredelemnul was noncommittal.
You visited 2 branches of the dungeon, and saw 10 of its levels.

You collected 586 gold pieces.

Inventory:

Hand Weapons
 E - a +5 falchion (weapon)
 F - a +0 great sword
Armour
 a - a +3 leather armour of cold resistance (worn)
 d - an orb of light (worn)
 p - the +1 pair of boots "Menompel" (worn) {rN++ Will+ Str-4 Int-5}
   (You found it on level 2 of the Dungeon)

   Str:       It affects your strength (-4).
   Int:       It affects your intelligence (-5).
   rN:        It greatly protects you from negative energy.
   Will:      It increases your willpower.
 v - a +0 cloak (worn)
Jewellery
 h - a +6 ring of strength
 n - a +4 ring of protection (left hand)
 o - a ring of protection from fire (right hand)
 z - a ring of willpower
Wands
 b - a wand of flame (13)
 l - a wand of polymorph (7)
 q - a wand of quicksilver (4)
 t - a wand of mindburst (37)
 D - a wand of paralysis (4)
Scrolls
 e - 2 scrolls of amnesia
 f - 3 scrolls of fog
 i - 2 scrolls of enchant armour
 j - 4 scrolls of immolation {unknown}
 s - 3 scrolls of enchant weapon {unknown}
 w - 2 scrolls of teleportation {unknown}
 A - 3 scrolls of blinking
 C - 2 scrolls of identify
Potions
 c - 3 potions of ambrosia
 g - a potion of haste
 k - 4 potions of curing
 r - a potion of degeneration
 u - 3 potions of might
 x - a potion of berserk rage


   Skills:
 - Level 4.0 Fighting
 + Level 13.7 Long Blades
 - Level 3.0 Dodging


You had 9 spell levels left.
You didn't know any spells.
Your spell library contained the following spells:

 Spells                   Type           Power      Damage    Failure   Level
 Kiss of Death            Conj/Necr      0%         2d5       61%         1
 Sting                    Tmut/Pois      0%         1d3       61%         1
 Summon Small Mammal      Summ           0%         N/A       61%         1
 Ensorcelled Hibernation  Hex/Ice        0%         N/A       75%         2
 Lesser Beckoning         Tloc           0%         N/A       75%         2
 Momentum Strike          Conj/Tloc      0%         3d8       75%         2
 Poisonous Vapours        Pois/Air       0%         N/A       75%         2
 Sublimation of Blood     Necr           0%         N/A       75%         2
 Call Canine Familiar     Summ           0%         N/A       93%         3
 Confusing Touch          Hex            0%         N/A       93%         3
 Dazzling Flash           Conj/Hex       0%         N/A       93%         3
 Hailstorm                Conj/Ice       0%         3d3       93%         3
 Spider Form              Tmut/Pois      0%         N/A       93%         3
 Summon Guardian Golem    Hex/Summ       0%         N/A       93%         3
 Volatile Blastmotes      Fire/Tloc      0%         2d10      93%         3
 Anguish                  Hex/Necr       0%         N/A       100%        4
 Dispel Undead            Necr           0%         3d6       100%        4
 Ice Form                 Ice/Tmut       0%         N/A       100%        4
 Iskenderun's Mystic Bla  Conj/Tloc      0%         2d3       100%        4
 Olgreb's Toxic Radiance  Pois           0%         N/A       100%        4
 Petrify                  Tmut/Erth      0%         N/A       100%        4
 Irradiate                Conj/Tmut      0%         3d11      100%        5
 Starburst                Conj/Fire      0%         6d3       100%        6
 Blink                    Tloc           Unusable   N/A       N/A         2
 Simulacrum               Ice/Necr       Unusable   N/A       N/A         6

Dungeon Overview and Level Annotations

Branches:
Dungeon (9/15)             Temple (1/1) D:4
   Lair: D:8-11         Orc: D:9-12

Altars:
Ashenzari
Cheibriados
Dithmenos
Elyvilon
Fedhas
Gozag
Hepliaklqana
Kikubaaqudgha
Makhleb
Nemelex Xobeh
Okawaru
Qazlal
Ru
Sif Muna
Trog
Uskayaw
Vehumet
Wu Jian
Xom
Yredelemnul
Zin
The Shining One

Shops:
D:2 [   D:6 (


Innate Abilities, Weirdness & Mutations

You cannot be hasted, slowed, berserked, paralysed or teleported.
You can dig through walls and to a lower floor.
You have a pair of large antennae on your head. (SInv)
Your four strong arms can wield two-handed weapons with a shield.
You possess an exceptional clarity of mind.
You are dopey. (Int -2)
You are strong-willed. (Will+)


Message History

The centaur warrior hits you but does no damage.
The centaur warrior barely misses you.
Unknown command.
Unknown command.
The centaur warrior wields a +0 shortbow.
The centaur warrior shoots an arrow.
The arrow barely misses you.
The killer bee buzzes angrily.
Unknown command.
Unknown command.
You bump into the rock wall.
The centaur warrior shoots an arrow.
The arrow hits you!
* * * LOW HITPOINT WARNING * * *
The centaur warrior shoots an arrow.
The arrow hits you!
* * * LOW HITPOINT WARNING * * *
Unknown command.
Unknown command.
Unknown command.
Unknown command.
You feel better.
You feel less invigorated.
The centaur warrior shoots an arrow.
The arrow closely misses you.
Unknown command.
You feel much better.
The centaur warrior shoots an arrow.
The arrow hits you.
The centaur warrior unwields a +0 shortbow.
The centaur warrior hits you! The centaur warrior barely misses you.
The centaur shoots an arrow.
The arrow hits you.
Unknown command.
You hit the centaur warrior.
The centaur warrior is heavily wounded.
The centaur warrior shoots an arrow.
The arrow closely misses you. The centaur warrior hits you.
The centaur warrior kicks you.
* * * LOW HITPOINT WARNING * * *
Unknown command.
There are no items here.
Unknown command.
Are you sure you want to shaft yourself?
The centaur warrior shoots an arrow.
The arrow hits you!
* * * LOW HITPOINT WARNING * * *
The centaur warrior hits you.
You die...
Your body rises from the dead as a mindless zombie.

#.......##['...Z......
########.......##.#..........
.......'.......'..#..........
########.......####..........
#.......# #..........
#####'### #########'# #.# #.#
###c# ##.# #c.@# #..#
#######O#### #.##
#ooo{ooc{..# #######.##
#..###.{o{..# #....[....
...{....+ #........<
#[.♣.#{...# ..........
#.♣..#....# #.........
#...##....# #......... .###
.....# ##########


You could see 2 centaur warriors, a two-headed ogre, an orc warrior and an orc.

Vanquished Creatures
  Sigmund (D:3)
  Edmund (D:5)
  A water moccasin (D:8)
  A sky beast (D:7)
  2 ice beasts
  2 ogres
  A black bear (D:5)
  3 centaurs
  A phantom (D:6)
  A kobold brigand (D:7)
  2 bullfrogs
  6 wights
  A vampire bat (D:3)
  3 howler monkeys
  3 orc priests
  3 hounds
  A jelly (D:7)
  A sleepcap (D:5)
  4 iguanas
  Ijyb (D:3)
  Natasha (thrice) (D:2)
  5 orc wizards
  4 gnolls (D:5)
  9 adders
  2 shadow imps
  2 white imps
  3 dart slugs
  A worm (D:2)
  21 orcs
  7 ball pythons
  9 bats
  9 endoplasms
  6 giant cockroaches
  4 hobgoblins
  3 jackals (D:5)
  2 quokkas (D:1)
  4 frilled lizards
  6 goblins
  9 kobolds
  2 rats (D:2)
150 creatures vanquished.

Vanquished Creatures (collateral kills)
  Prince Ribbit (D:7)
  A hornet (D:7)
  A centaur (D:8)
  A wight (D:6)
  A hound (D:5)
  An adder (D:4)
  2 orcs
  A ball python (D:4)
9 creatures vanquished.

Vanquished Creatures (others)
  A bullfrog zombie (D:8)
  A centaur zombie (D:9)
  A spectral white imp (D:7)
  A kobold zombie (D:7)
  3 orc zombies
7 creatures vanquished.

Grand Total: 166 creatures vanquished

Notes
Turn   | Place    | Note
-------+----------+-------------------------------------------
     0 | D:1      | Nicoed the Formicid Monk began the quest for the Orb.
     0 | D:1      | Reached XP level 1. HP: 18/18 MP: 1/1
   171 | D:1      | Reached XP level 2. HP: 24/24 MP: 2/2
   794 | D:2      | Noticed Natasha
   799 | D:2      | Killed Natasha
   800 | D:2      | Reached XP level 3. HP: 12/30 MP: 3/3
   804 | D:2      | Noticed Natasha
   899 | D:2      | Killed Natasha
   900 | D:2      | Reached skill level 4 in Long Blades
   900 | D:2      | Reached XP level 4. HP: 27/37 MP: 4/4
   978 | D:2      | Noticed Natasha
   979 | D:2      | Found Volishuu's Armour Shoppe.
   979 | D:2      | Noticed an animated crystal plate armour
   979 | D:2      | Noticed an animated crystal plate armour
   985 | D:2      | Killed Natasha
  1005 | D:2      | Reached XP level 5. HP: 27/42 MP: 5/5
  1201 | D:2      | Identified the +1 pair of boots "Menompel" {rN++ Will+
                  | Str-4 Int-5}
  1279 | D:2      | Reached skill level 5 in Long Blades
  1815 | D:3      | Noticed Sigmund
  1834 | D:3      | Killed Sigmund
  1835 | D:3      | Reached skill level 6 in Long Blades
  1835 | D:3      | Reached XP level 6. HP: 33/48 MP: 6/6
  2036 | D:3      | Reached XP level 7. HP: 54/54 MP: 7/7
  2210 | D:3      | Noticed Ijyb
  2224 | D:3      | Killed Ijyb
  2225 | D:3      | Reached skill level 7 in Long Blades
  3067 | D:4      | Found a staircase to the Ecumenical Temple.
  3087 | Temple   | Entered the Ecumenical Temple
  3409 | Temple   | Became a worshipper of Yredelemnul the Dark
  3409 | Temple   | Reached * piety under Yredelemnul
  3409 | Temple   | Reached ** piety under Yredelemnul
  3582 | D:4      | Reached skill level 8 in Long Blades
  4185 | D:5      | Entered Level 5 of the Dungeon
  4346 | D:5      | Reached XP level 8. HP: 60/60 MP: 8/8
  4377 | D:5      | Reached *** piety under Yredelemnul
  4378 | D:5      | Reached skill level 9 in Long Blades
  4442 | D:5      | Noticed Edmund
  4454 | D:5      | Killed Edmund
  4737 | D:5      | Reached **** piety under Yredelemnul
  5308 | D:6      | Reached skill level 10 in Long Blades
  5541 | D:6      | Reached XP level 9. HP: 31/65 MP: 9/9
  5830 | D:6      | Reached skill level 11 in Long Blades
  5909 | D:6      | Found Qura Hun's Weapon Shop.
  6442 | D:7      | Identified the +6 flail "Covek" {speed, rElec rC+++ Dex-5
                  | SInv}
  6448 | D:7      | Noticed a hornet
  6456 | D:7      | Killed a hornet
  6464 | D:7      | Reached skill level 12 in Long Blades
  6824 | D:7      | Noticed Prince Ribbit
  6840 | D:7      | Killed Prince Ribbit
  7362 | D:8      | Reached skill level 13 in Long Blades
  7362 | D:8      | Reached XP level 10. HP: 26/69 MP: 10/10
  8186 | D:9      | Found a shimmering altar of Xom.
  8224 | D:9      | Identified the +1 leather armour "Daisapoz" {rElec MP-9
                  | Int+6}
  8313 | D:9      | Noticed a centaur warrior
  8314 | D:9      | Noticed a centaur warrior
  8319 | D:9      | Noticed a two-headed ogre
  8330 | D:9      | Gained mutation: You possess an exceptional clarity of
                  | mind. [potion of mutation]
  8330 | D:9      | Gained mutation: You are dopey. (Int -2) [potion of
                  | mutation]
  8330 | D:9      | Gained mutation: You are strong-willed. (Will+) [potion of
                  | mutation]
  8341 | D:9      | Slain by a centaur warrior

Illustrated notes

Levels and vault maps discovered:
D:1:      matt_arrival_los_fun, layout_basic, grunt_decor_cap
D:2:      layout_loops_ring, serial_shops, nicolae_shop_mannequins,
          kennysheep_cross_room, minmay_3d_cube, uniq_natasha
D:3:      layout_basic, chequers_garden, roderic_batcave, uniq_ijyb,
          uniq_sigmund
D:4:      layout_layer_cave, minmay_temple_entry_glassed_door
D:5:      nicolae_cairo_tiling_large_dashed, layout_basic, uniq_edmund
D:6:      cheibrodos_quashed, layout_basic, serial_shops,
          nicolae_shop_window_shopping
D:7:      layout_loops_cross, uniq_prince_ribbit1
D:8:      layout_loops_ring, serial_aquarium, aquarium_bridge_long_joined
          [aquarium_subvault_balcony, aquarium_subvault_bridge,
          aquarium_subvault_balcony, aquarium_subvault_wall,
          aquarium_subvault_window, aquarium_subvault_bridge],
          aquarium_window_fake, aquarium_window_corner, aquarium_window_fake,
          aquarium_view_2c, aquarium_balcony_double_4,
          small_statue_intersection, minmay_fountain_box
D:9:      layout_roguey, mainiacjoe_overflow_six_doors_small, minmay_bent
Temple:   mainiacjoe_temple_circle_huts

Skill      XL: |  1  2  3  4  5  6  7  8  9 |
---------------+----------------------------+-----
Dodging        | 3 |  3.0
Fighting       | 4 |  4.0
Long Blades    | 4 6 8 10 13 | 13.7

Action                     |  1- 3 |  4- 6 |  7- 9 | 10-12 || total
---------------------------+-------+-------+-------+-------++-------
  Melee: Falchion          |    35 |   118 |   124 |    45 ||   322
         Long sword        |       |       |   236 |    11 ||   247
 Invoke: Recall Undead Har |       |       |     1 |       ||     1
Ability: Shaft Self        |       |       |       |     1 ||     1
    Use: Potion            |       |       |     3 |     4 ||     7
         Scroll            |       |       |     8 |       ||     8
   Stab: Distracted        |       |       |     5 |       ||     5
 Armour: Robe              |     4 |     4 |       |       ||     8
         Chain mail        |       |    38 |   119 |       ||   157
         Leather armour    |       |       |    54 |    36 ||    90
  Dodge: Dodged            |    18 |    53 |   166 |    55 ||   292
